 Dungeon Crawl Stone Soup version 0.25.1-2-g60ff931df9 (webtiles) character file.

Game seed: 2417941004929334780

53 Acheron the Skirmisher (level 3, -1/24 HPs)
             Began as a Gargoyle Abyssal Knight on Aug 23, 2020.
             Was a Believer of Lugonu.
             Slain by an ogre
             ... wielding a +0 giant spiked club
              (21 damage)
             ... on level 7 of the Dungeon.
             The game lasted 00:09:04 (2099 turns).

Acheron the Skirmisher (Gargoyle Abyssal Knight)    Turns: 2099, Time: 00:09:04

Health: -1/24      AC: 10    Str: 15    XL:     3   Next: 89%
Magic:  2/4        EV:  9    Int: 12    God:    Lugonu [**....]
Gold:   34         SH:  0    Dex: 10    Spells: 1/2 levels left

rFire    . . .     SeeInvis .   a - +1 hand axe
rCold    . . .     Gourm    .   (no shield)
rNeg     + . .     Faith    .   n - +0 scale mail
rPois    ∞         Spirit   .   (no helmet)
rElec    +         Reflect  .   o - +0 cloak
rCorr    .         Harm     .   (no gloves)
MR       .....                  (no boots)
Stlth    ..........             (no amulet)
HPRegen  0.08/turn              (no ring)
MPRegen  0.09/turn              (no ring)

@: no status effects
A: negative energy resistance 1, electricity resistance, unbreathing,
petrification resistance, rot immunity, AC +3
a: Depart the Abyss, Bend Space, Renounce Religion


You were on level 7 of the Dungeon.
You worshipped Lugonu.
Lugonu was pleased with you.
You were hungry.

You visited 1 branch of the dungeon, and saw 5 of its levels.
You visited the Abyss 1 time.

You collected 34 gold pieces.

Inventory:

Hand Weapons
 a - a +1 hand axe (weapon)
 h - a +0 short sword
 w - a +0 war axe
Missiles
 e - 80 stones (quivered)
Armour
 b - a +0 leather armour
 j - a +0 ring mail
 n - a +0 scale mail (worn)
 o - a +0 cloak (worn)
Magical Staves
 g - a cursed staff of earth {unknown}
Scrolls
 m - a scroll of identify
Potions
 d - a potion of stabbing {unknown}
 f - a potion of flight
 i - a potion of invisibility
 k - a potion of berserk rage {unknown}
Comestibles
 c - 2 rations
 p - a chunk of flesh


   Skills:
 * Level 3.6 Fighting
 + Level 2.4 Axes
 * Level 0.5 Throwing
 * Level 2.4 Armour
 * Level 1.1 Dodging
 * Level 0.9 Stealth
 * Level 0.2 Spellcasting
 * Level 2.4 Invocations


You had one spell level left.
You knew the following spells:

 Your Spells              Type           Power        Failure   Level  Hunger
a - Magic Dart            Conj           #...         77%         1    ##.....

Your spell library contained the following spells:

 Spells                   Type           Power        Failure   Level  Hunger
 Blink                    Tloc           N/A          88%         2    ###....
 Call Imp                 Summ           #.......     88%         2    ###....
 Slow                     Hex            #.......     88%         2    ###....
 Conjure Flame            Conj/Fire      #.......     98%         3    ####...
 Mephitic Cloud           Conj/Pois/Air  #.......     98%         3    ####...


Dungeon Overview and Level Annotations

Branches:
Dungeon (4/15)
 Temple: D:4-7

Altars:
Kikubaaqudgha
Xom


Innate Abilities, Weirdness & Mutations

You are resistant to torment.
Your stone body is resilient. (AC +3)
You are immune to poison.
You resist negative energy. (rN+)
You are resistant to electric shocks. (rElec)
You can survive without breathing.
You are immune to petrification.
You are immune to rotting.


Message History

The hungry ghost misses you.
The shadow imp splashes around in the water.
Space bends around you!
You blink.
The ogre barely misses you. The shadow imp barely misses you.
The hungry ghost closely misses you. Space bends around you!
You blink.
The centaur shoots an arrow.
The arrow hits you but does no damage.
The worker ant bites you but does no damage.
The worker ant bites you but does no damage.
The ogre is engulfed in noxious fumes.
The ogre appears confused.
The ogre hits the shadow imp with a +0 giant spiked club!
The shadow imp dies!
The ogre hits itself but does no damage.
The worker ant bites you but does no damage.
The worker ant misses you.
An ogre comes into view. It is wielding a +0 giant spiked club.
The ogre shouts!
You hear a splash.
The ogre hits you with a +0 giant spiked club!!
Ouch! That really hurt!
You die...

#≈≈.§§§≈####
#≈(.§☼.≈....
#≈.≈○S≈S....
#≈≈OWZ§§....
#§≈≈§S§§.... .
##≈≈§§≈+############..
#####................
#.W(......O......
#.......a@.......
#................
#.........####...
#.........# ..
#.........#
###########


You could see a hungry ghost, an ogre and a worker ant.

Vanquished Creatures
  A worm (D:3)
  3 leopard geckos (D:4)
  2 orcs (D:3)
  4 giant cockroaches
  4 goblins
  3 hobgoblins
  11 jackals (D:3)
  A quokka (D:3)
  A ball python (D:3)
  6 kobolds
  3 rats
39 creatures vanquished.

Vanquished Creatures (others)
  An ogre (D:7)
  An adder (D:7)
  A shadow imp (D:7)
  An adder skeleton (D:7)
  A quokka skeleton (D:7)
5 creatures vanquished.

Grand Total: 44 creatures vanquished

Notes
Turn   | Place    | Note
-------+----------+-------------------------------------------
     0 | Abyss:1  | Acheron the Gargoyle Abyssal Knight began the quest for the
                  | Orb.
     0 | Abyss:1  | Reached XP level 1. HP: 14/14 MP: 2/2
    31 | Abyss:1  | Found a corrupted altar of Lugonu.
    87 | Abyss:1  | Noticed a rust devil
   100 | D:1      | Escaped the Abyss
   466 | D:2      | Reached XP level 2. HP: 18/19 MP: 3/3
   486 | D:3      | Found an ancient bone altar of Kikubaaqudgha.
   972 | D:3      | Reached ** piety under Lugonu
   974 | D:3      | Reached XP level 3. HP: 13/23 MP: 4/4
  1132 | D:4      | Noticed a phantom
  1365 | D:3      | Reached skill level 1 in Dodging
  1769 | D:3      | Learned a level 1 spell: Magic Dart
  2090 | D:4      | You fall into a shaft and drop 3 floors!
  2090 | D:7      | Found a shimmering altar of Xom.
  2090 | D:7      | Noticed a centaur
  2090 | D:7      | Noticed an ogre
  2090 | D:7      | Noticed an ogre
  2091 | D:7      | Noticed a hungry ghost
  2096 | D:7      | Noticed an ogre
  2098 | D:7      | Killed an ogre
  2099 | D:7      | Slain by an ogre

Illustrated notes

Levels and vault maps discovered:
D:1:      giann_bridges, layout_loops_ring, serial_bayou, serial_bayou_shore_b,
          serial_bayou_lake_a, serial_bayou_lagoon_b, serial_bayou_crossing,
          serial_bayou_pond_e, minmay_pentomino_p2
D:2:      layout_loops_ring, overflow_temple_1_default
D:3:      layout_basic, marbit_many_paths
D:4:      layout_loops_ring, kennysheep_little_box, gup_sewer_entry_pipe
D:7:      layout_gridville, overflow_temple_1_default, xom_confusion_cloud,
          lemuel_round_altar, minmay_temple_entry_tees,
          lemuel_mausoleum_altar_kikubaaqudgha, uniq_joseph, uniq_maggie,
          uniq_harold, uniq_prince_ribbit1

Skill      XL: |  1  2  3 |
---------------+----------+-----
Axes           | 2 |  2.4
Dodging        | 1 |  1.1
Fighting       | |  3.6
Throwing       | |  0.5
Armour         | |  2.4
Stealth        | |  0.9
Spellcasting   | |  0.2
Invocations    | |  2.4

Action                   || total
-------------------------++-------
Melee: Hand axe          ||   127
       War axe           ||     7
Throw: Stone             ||     9
Invok: Bend Space        ||     2
  Use: Scroll            ||     4
  Eat: Chunk             ||     3
Armor: Leather armour    ||    26
       Ring mail         ||    33
       Scale mail        ||    13
Dodge: Dodged            ||   100
